 Dungeon Crawl Stone Soup version 0.29-a0-1033-gb6c65ffae6 (webtiles) character file.

Game seed: 7033591325643634253

66 gelatine the Firebug (level 3, -1/24 HPs)
             Began as a Demonspawn Fire Elementalist on Aug 14, 2022.
             Slain by an iguana (13 damage)
             ... on level 3 of the Dungeon.
             The game lasted 00:06:05 (2384 turns).

gelatine the Firebug (Demonspawn Fire Elementalist) Turns: 2384, Time: 00:06:06

Health: -1/24      AC:  2    Str:  8    XL:     3   Next: 96%
Magic:  0/6        EV: 12    Int: 18    God:
Gold:   91         SH:  0    Dex: 13    Spells: 1/6 levels left

rFire   . . .      SeeInvis .   c - +0 hand axe (pain)
rCold   . . .      Faith    .   (no shield)
rNeg    . . .      Spirit   .   a - +0 robe
rPois   .          Reflect  .   (no helmet)
rElec   .          Harm     .   (no cloak)
rCorr   .          Rampage  .   (no gloves)
Will    .....                   (no boots)
Stlth   ++........              (no amulet)
HPRegen 0.08/turn               (no ring)
MPRegen 0.10/turn               (no ring)

@: no status effects
A: ignite blood 1
a: no special abilities


You were on level 3 of the Dungeon.
You visited 1 branch of the dungeon, and saw 3 of its levels.

You collected 91 gold pieces.

Inventory:

Hand Weapons
 c - a +0 hand axe of pain (weapon)
Missiles
 k - 10 poisoned darts
Armour
 a - a +0 robe (worn)
Scrolls
 d - a scroll of brand weapon
 h - 3 scrolls of vulnerability
 j - a scroll of poison {unknown}
 l - a scroll of torment
 q - a scroll of summoning
 s - a scroll of noise
Potions
 b - a potion of magic
 e - 2 potions of curing {unknown}
 f - a potion of berserk rage {unknown}
 g - 2 potions of lignification {unknown}
 i - a potion of degeneration {unknown}
 m - 2 potions of haste {unknown}
 n - a potion of flight {unknown}
 o - a potion of brilliance {unknown}
 p - a potion of resistance {unknown}
 r - a potion of might {unknown}


   Skills:
 + Level 2.0 Dodging
 + Level 2.0 Stealth
 + Level 2.3 Spellcasting
 + Level 1.2 Conjurations
 * Level 0.7 Translocations
 + Level 3.6 Fire Magic


You had one spell level left.
You knew the following spells:

 Your Spells              Type           Power      Damage    Failure   Level
a - Foxfire               Conj/Fire      44%        2x1d6     6%          1
b - Scorch                Fire           30%        2d6       6%          2
c - Blink                 Tloc           8%         N/A       21%         2

Your spell library contained the following spells:

 Spells                   Type           Power      Damage    Failure   Level
 Conjure Flame            Conj/Fire      11%        6-21      19%         3
 Inner Flame              Hex/Fire       8%         N/A       24%         3
 Lesser Beckoning         Tloc           4%         N/A       36%         3
 Flame Wave               Conj/Fire      11%        2d6       54%         4
 Manifold Assault         Tloc           4%         N/A       98%         5


Dungeon Overview and Level Annotations

Branches:
Dungeon (3/15)

Altars:
Cheibriados


Innate Abilities, Weirdness & Mutations

Your demonic aura sometimes causes spilled blood to erupt in flames.


Message History

The foxfire hits the hobgoblin.
You kill the hobgoblin!
You conjure some foxfire!
The foxfire hits the ball python.
You kill the ball python!
The foxfire hits the iguana.
The iguana is lightly wounded.
You conjure some foxfire!
The foxfire hits the iguana but does no damage.
The iguana is lightly wounded.
The foxfire hits the iguana.
The iguana is moderately wounded.
You conjure some foxfire!
The foxfire hits the iguana but does no damage.
The iguana is moderately wounded.
The foxfire hits the iguana.
The iguana is heavily wounded.
You are out of magic!
Your foxfire dissipates!
The foxfire hits the iguana.
The iguana is severely wounded.
Things that are here:
a ball python corpse; a hobgoblin corpse You hit the iguana but do no damage.
The iguana is severely wounded.
The iguana barely misses you.
You hit the iguana but do no damage.
The iguana is severely wounded.
The iguana closely misses you.
You hit the iguana but do no damage.
The iguana is severely wounded.
The iguana completely misses you. The iguana bites you!
Ouch! That really hurt!
You hit the iguana but do no damage.
The iguana is severely wounded.
The iguana closely misses you.
Casting: Foxfire (safe; 6% risk of failure)
Confirm with . or Enter, or press ? or * to list all spells.
You conjure some foxfire!
The iguana bites you!
Ouch! That really hurt!
You die...

#.#####.......# #.
#.##.##.#
####.#####.# .##.#
#.......##.# ...#
#.......##.# #..# .
#.......##.####..#
#.#.......##.......#
#.....vl..#######.##
###...v@..#####...#
#............##.###
#.#####.####<##.#
#.####.##.#
#.#.......#
#.#.##.####
###......#
#.....####
.....>#####


You could see an iguana (ally target).

Vanquished Creatures
  A gnoll (D:1)
  An adder (D:2)
  A worm (D:2)
  3 dart slugs
  3 ball pythons
  3 bats
  6 endoplasms
  A giant cockroach (D:1)
  5 goblins
  4 hobgoblins
  3 jackals (D:2)
  4 rats
35 creatures vanquished.

Vanquished Creatures (others)
  100 foxfires
100 creatures vanquished.

Grand Total: 135 creatures vanquished

Notes
Turn   | Place    | Note
-------+----------+-------------------------------------------
     0 | D:1      | gelatine the Demonspawn Fire Elementalist began the quest
                  | for the Orb.
     0 | D:1      | Reached XP level 1. HP: 13/13 MP: 3/3
    46 | D:1      | Reached skill level 3 in Fire Magic
    46 | D:1      | Gained mutation: Your demonic aura sometimes causes spilled
                  | blood to erupt in flames. [demonic ancestry]
    46 | D:1      | Reached XP level 2. HP: 19/19 MP: 0/5
   885 | D:1      | Found a faded altar of an unknown god.
  1058 | D:2      | Found a snail-covered altar of Cheibriados.
  1343 | D:2      | Learned a level 2 spell: Scorch
  1346 | D:2      | Learned a level 2 spell: Blink
  1399 | D:2      | Reached XP level 3. HP: 24/24 MP: 2/6
  2384 | D:3      | Slain by an iguana

Illustrated notes

Levels and vault maps discovered:
D:1:      psy_arrival_conway, layout_basic,
          dreamdust_ecumenical_altar_angels_and_demons
D:2:      layout_basic, basic_altar
D:3:      layout_loops_cross, kennysheep_slug_shrine,
          biasface_ghost_orc_armoury, portal_sewer_entry_b, minivault_5

Skill      XL: |  1  2  3 |
---------------+----------+-----
Fire Magic     | 3 |  3.6
Dodging        | 2 |  2.0
Stealth        | 2 |  2.0
Spellcasting   | |  2.3
Conjurations   | |  1.2
Translocations | |  0.7

Action                   || total
-------------------------++-------
Melee: Hand axe          ||    37
 Cast: Foxfire           ||    66
       Scorch            ||     1
  Use: Scroll            ||     5
Armor: Robe              ||     7
Dodge: Dodged            ||    28

Table legend: (Time is in decaauts)
 A = Elapsed time spent in this place.
 B = Non-inter-level travel time spent in this place.
 C = Inter-level travel time spent in this place.
 D = Time resting spent in this place.
 E = Time spent auto-exploring this place.
 F = Levels seen in this place.
 G = Mean time per level.
                   A        B        C        D        E       F      G
               +--------+--------+--------+--------+--------+-----+--------+
         Total |   2399 |   2307 |     92 |      0 |   1962 |   3 |  799.7 |
       Dungeon |   2399 |   2307 |     92 |      0 |   1962 |   3 |  799.7 |
               +--------+--------+--------+--------+--------+-----+--------+

Top non-repeatable levels by time:
     D:2: 1089 daAuts
     D:1: 1042 daAuts
     D:3: 267 daAuts
